 Dungeon Crawl Stone Soup version 0.21-a0-349-g0c35859 (webtiles) character file.

0 Deas the Sneak (level 1, 0/9 HPs)
             Began as a Spriggan Enchanter on Oct 8, 2017.
             Slain by a goblin
             ... wielding a +0 short sword
              (4 damage)
             ... on level 1 of the Dungeon.
             The game lasted 00:00:37 (199 turns).

Deas the Sneak (Spriggan Enchanter)                  Turns: 199, Time: 00:00:38

Health: 0/9        AC:  2    Str:  4    XL:     1   Next: 8%
Magic:  3/5        EV: 18    Int: 16    God:
Gold:   0          SH:  0    Dex: 16    Spells: 4/5 levels left

rFire    . . .     SeeInvis +   a - +1 dagger
rCold    . . .     Gourm    .   (shield restricted)
rNeg     . . .     Faith    .   b - +0 robe
rPois    .         Spirit   .   (helmet restricted)
rElec    .         Reflect  .   (no cloak)
rCorr    .         Harm     .   (gloves unavailable)
MR       .....                  (boots unavailable)
Stlth    +++.......             (no amulet)
HPRegen  0.03/turn              (no ring)
MPRegen  0.09/turn              (no ring)

@: very quick
A: unfitting armour, see invisible, herbivore 3, speed 3, slow metabolism 2
a: no special abilities


You were on level 1 of the Dungeon.
You were not hungry.

You visited 1 branch of the dungeon, and saw 1 of its levels.

Inventory:

Hand Weapons
 a - a +1 dagger (weapon)
Armour
 b - a +0 robe (worn)
Jewellery
 e - a +4 ring of strength {unknown}
Scrolls
 f - a scroll of immolation {unknown}
 g - a scroll of identify {unknown}
Books
 c - a book of Maledictions

   Spells                             Type                      Level
   a - Corona                         Hexes                        1
   b - Ensorcelled Hibernation        Hexes/Ice                    2
   c - Confuse                        Hexes                        3
   d - Tukima's Dance                 Hexes                        3
   e - Dazzling Spray                 Conjuration/Hexes            3
Comestibles
 d - a bread ration


   Skills:
 - Level 1.1 Short Blades
 - Level 3.0 Dodging
 - Level 4.4 Stealth
 + Level 2.7 Spellcasting
 + Level 3.6 Hexes


You had 4 spell levels left.
You knew the following spells:

 Your Spells              Type           Power        Failure   Level  Hunger
a - Corona                Hex            ##.....      4%          1    #......


Dungeon Overview and Level Annotations

Branches:
Dungeon (1/15)

Altars:


Innate Abilities, Weirdness & Mutations

You are very small and have problems with some larger weapons.
You are too small for most types of armour.
You have supernaturally acute eyesight. (SInv)
You are a herbivore.
You cover ground extremely quickly.
You need consume almost no food.


Message History

Found 22 bolts.
You see here 22 bolts.
The goblin is too close now for your liking.
Found a leather armour.
Found a stone staircase leading down.
g - a scroll labeled ONECHE EBRULUG
Casting: Corona
Confirm with . or Enter, or press ? or * to list all spells.
Aiming: Corona
Press: ? - help, Shift-Dir - straight line, f - goblin
Aim: a goblin, wielding a short sword (chance to defeat MR: 67%)
The goblin barely resists.
Casting: Corona
Confirm with . or Enter, or press ? or * to list all spells.
Aiming: Corona
Press: ? - help, Shift-Dir - straight line, f/p - goblin
Aim: a goblin, wielding a short sword (chance to defeat MR: 67%)
The goblin is outlined in light.
The goblin hits you with a short sword.
Ouch! That really hurt!
You barely miss the goblin. The goblin hits you with a short sword.
You die...

.#. ..# ### #.#
## # ..[ ... #.#
# #.##.##.# #
#>#.#.# # #...#
## ##.## .#####
#@# .#...# #g#
.'.8.# #.# .#...#
#.#####.. .#####
#.#######....g...
##
#........#####.##
########.# ######
##.#####.# .)...#
#........#


You could see a goblin.

Vanquished Creatures
  A kobold (D:1)
1 creature vanquished.

Notes
Turn   | Place    | Note
-------+----------+-------------------------------------------
     0 | D:1      | Deas the Spriggan Enchanter began the quest for the Orb.
     0 | D:1      | Reached XP level 1. HP: 9/9 MP: 5/5
   199 | D:1      | Slain by a goblin

Vault maps used:
D:1:      minmay_arrival_stair_chambers

Action                   || total
-------------------------++-------
Melee: Dagger            ||     2
 Cast: Corona            ||     2
 Stab: Sleeping          ||     1

Table legend:
 A = Spawn XP
 B = Non-spawn XP
 C = Spawn XP percentage of total XP
 D = Spawn monster count
 E = Non-spawn monster count
 F = Spawn count percentage of total count
 G = Total turns spent on level
                    A         B        C        D         E        F      G
               +---------+---------+-------+---------+---------+-------+---------
         Total |       0 |       1 |   0.0 |       0 |       1 |   0.0 |   199
               +---------+---------+-------+---------+---------+-------+---------
           D:1 |       0 |       1 |   0.0 |       0 |       1 |   0.0 |   199
               +---------+---------+-------+---------+---------+-------+---------
